 Dungeon Crawl Stone Soup version 0.31-a0-1447-g87ca8d402b (webtiles) character file.

Game seed: 3962685668518524919

2041 Atlas the Magician (level 9, -8/58 HPs)
             Began as a Demonspawn Fire Elementalist on Dec 27, 2023.
             Engulfed by a cloud of flame (14 damage)
             ... on level 5 of the Dungeon.
             The game lasted 00:08:13 (7461 turns).

Atlas the Magician (Demonspawn Fire Elementalist)   Turns: 7461, Time: 00:08:14

Health: -8/58      AC:  5    Str: 14    XL:     9   Next: 4%
Magic:  15/20      EV: 17    Int: 18    God:
Gold:   170        SH:  0    Dex: 14    Spells: 16/23 levels left

rFire   + . .        r - staff of fire
rCold   . . .        (no shield)
rNeg    . . .        v - +1 robe {Will+}
rPois   .            c - +0 helmet
rElec   .            (no cloak)
rCorr   .            (no gloves)
SInv    .            o - +0 pair of boots
Will    +....        a - amulet of regeneration
Stlth   ++           f - +6 ring of strength
HPRegen 1.09/turn    (no ring)
MPRegen 0.17/turn

%: clarity
@: agile
A: powered by pain 2, spiny 1, demonic touch 2, clarity, dopey 1, inability to
drink after injury 1, MP-powered wands
a: no special abilities


You were on level 5 of the Dungeon.
You visited 1 branch of the dungeon, and saw 5 of its levels.
You also visited: Ossuary.

You collected 170 gold pieces.

Inventory:

Hand Weapons
 u - a +1 whip of freezing
Armour
 c - a +0 helmet (worn)
 l - an orb of energy
 o - a +0 pair of boots (worn)
 v - a +1 robe of willpower (worn)
Magical Staves
 r - a staff of fire (weapon)
Jewellery
 a - an amulet of regeneration (around neck)
 f - a +6 ring of strength (left hand)
Wands
 p - a wand of iceblast (4)
 s - a wand of flame (24)
Scrolls
 e - 2 scrolls of teleportation
 h - 6 scrolls of identify {unknown}
 i - a scroll of fear {unknown}
 j - a scroll of immolation
 k - 3 scrolls of blinking {unknown}
 n - a scroll of enchant weapon {unknown}
 q - a scroll of poison {unknown}
 y - 2 scrolls of vulnerability {unknown}
 z - a scroll of butterflies {unknown}
 A - a scroll of brand weapon {unknown}
Potions
 b - 2 potions of magic
 d - 2 potions of curing
 g - 5 potions of mutation
 m - 2 potions of brilliance {unknown}
 t - a potion of lignification {unknown}
 w - a potion of cancellation {unknown}
 x - a potion of enlightenment {unknown}
 B - a potion of degeneration {unknown}
 C - a potion of invisibility {unknown}
 D - a potion of attraction {unknown}


   Skills:
 + Level 0.4 Fighting
 + Level 0.6(0.8) Maces & Flails
 + Level 0.4(0.7) Staves
 + Level 2.0 Armour
 + Level 2.6 Dodging
 + Level 3.1 Stealth
 + Level 1.7 Unarmed Combat
 + Level 7.5 Spellcasting
 + Level 3.3 Conjurations
 + Level 6.2 Fire Magic


You had 16 spell levels left.
You knew the following spells:

 Your Spells              Type           Power      Damage    Failure   Level
a - Scorch                Fire           88%        2d8       1%          2
b - Foxfire               Conj/Fire      100%       2x1d9     1%          1
c - Flame Wave            Conj/Fire      36%        2d10      14%         4

Your spell library contained the following spells:

 Spells                   Type           Power      Damage    Failure   Level
 Inner Flame              Hex/Fire       27%        N/A       9%          3
 Volatile Blastmotes      Fire/Tloc      54%        2d14      9%          3
 Fulminant Prism          Conj/Alch      6%         3d6       45%         4
 Iskenderun's Mystic Bla  Conj/Tloc      12%        2d5       45%         4


Dungeon Overview and Level Annotations

Branches:
Dungeon (5/15)             Temple (0/1) D:5         Ossuary (visited)

Altars:

Annotations:
D:5 1 runed translucent door, Crazy Yiuf


Innate Abilities, Weirdness & Mutations

You sometimes gain power by taking damage.
You are partially covered in sharp spines.
Your touch may inflict irresistible damage on your foes.
You possess an exceptional clarity of mind.
You are dopey. (Int -2)
You occasionally lose the ability to drink potions when taking damage.
You expend magic power (3 MP) to strengthen your wands.


Message History

Press: ? - help, Dir - look around, f - activate You feel a surge of power!
A wave of flame ripples out!
The tree burns like a torch! (Press . to intensify the flame waves.)
A wave of flame ripples out!
The tree burns like a torch!
The forest fire spreads!
A wave of flame ripples out!
You smell burning wood.
The tree burns like a torch!
You finish channelling waves of flame.
You are engulfed in blazing flames.
You resist.
Okay, then.
Okay, then.
You're standing in a cloud of flame!
You are engulfed in blazing flames.
You resist.
You focus on the pain.
You feel agile all of a sudden.
Crazy Yiuf waves his quarterstaff at you.
The forest fire spreads! x2
You are engulfed in blazing flames.
You resist.
The forest fire spreads!
You are engulfed in blazing flames.
You resist.
Crazy Yiuf says, "Millenium!
Prologue horse water."
The forest fire spreads! x2
You are engulfed in blazing flames.
You resist.
* * * LOW HITPOINT WARNING * * *
The forest fire spreads! x3
It was a potion of curing.
You feel better.
You are engulfed in blazing flames.
You resist.
It was a potion of mutation.
You feel extremely strange.
You occasionally lose the ability to drink potions when taking damage.
You feel stupid.
You feel your magical essence link to the dungeon's wands.
Your thoughts seem clearer.
You are engulfed in blazing flames.
You resist.
* * * LOW HITPOINT WARNING * * *
You focus on the pain.
You feel more agile all of a sudden.
The forest fire spreads! x2
You feel better.
You are engulfed in blazing flames.
You resist.
* * * LOW HITPOINT WARNING * * *
The forest fire spreads! x3
You are engulfed in blazing flames.
You resist.
You die...

#............#
#...#
#............#
##.###
#.############
###..# #.#
♣♣♣§.§## #...##
#.# §§§§§§♣ #.###
#.# ###
#§§§§♣♣♣###.# #.#
#)..#§§§§§♣.....#
#.#
#..g+§§§§§°.....#
#.#
#...#§@§°.°....##
### ###
#§§§§§○...##
.§§§§§§§♣###
♣##§♣♣♣○§§# ###
####


You could see Crazy Yiuf.

Vanquished Creatures
  Pikel (D:4)
  Grinder (D:3)
  Edmund (D:5)
  A water moccasin (D:5)
  2 ogres (D:5)
  A lemure (D:4)
  A phantom (D:5)
  Blork the orc (D:5)
  3 scorpions
  2 bombardier beetles (D:5)
  A human zombie (Ossuary)
  2 orc priests (D:5)
  A hound (D:4)
  A jelly (D:5)
  Terence (D:3)
  4 scorpion zombies (Ossuary)
  Ijyb (D:3)
  An iguana (D:4)
  A sleepcap (D:4)
  2 orc wizards (D:5)
  4 mummies
  7 adders
  2 ufetubi (D:5)
  2 adder zombies (Ossuary)
  3 worms
  4 dart slugs
  12 orcs
  2 endoplasms (D:1)
  4 giant cockroaches
  3 goblins
  4 hobgoblins
  7 kobolds
  3 quokkas
  7 ball pythons
  4 bats
  2 frilled lizards
  5 gnoll zombies (Ossuary)
  A goblin zombie (D:5)
  2 jackal zombies (Ossuary)
  3 kobold zombies (Ossuary)
  An orc zombie (D:5)
  3 rats
114 creatures vanquished.

Vanquished Creatures (others)
  288 foxfires
288 creatures vanquished.

Grand Total: 402 creatures vanquished

Notes
Turn   | Place    | Note
-------+----------+-------------------------------------------
     0 | D:1      | Atlas the Demonspawn Fire Elementalist began the quest for
                  | the Orb.
     0 | D:1      | Reached XP level 1. HP: 13/13 MP: 3/3
   420 | D:1      | Gained mutation: Your touch may inflict minor irresistible
                  | damage on your foes. [demonic ancestry]
   420 | D:1      | Reached XP level 2. HP: 15/19 MP: 1/5
  1619 | D:2      | Gained mutation: You are partially covered in sharp spines.
                  | [demonic ancestry]
  1619 | D:2      | Reached XP level 3. HP: 23/24 MP: 1/6
  2163 | D:3      | Noticed Terence
  2173 | D:3      | Learned a level 2 spell: Scorch
  2841 | D:3      | Found a faded altar of an unknown god.
  2993 | D:3      | Noticed Ijyb
  2999 | D:3      | Killed Ijyb
  3000 | D:3      | Reached skill level 3 in Spellcasting
  3000 | D:3      | Reached XP level 4. HP: 17/30 MP: 0/9
  3188 | D:3      | Noticed Grinder
  3194 | D:3      | Paralysed by Grinder for 3 turns
  3199 | D:3      | Killed Grinder
  3200 | D:3      | Reached skill level 1 in Unarmed Combat
  3200 | D:3      | Reached skill level 4 in Spellcasting
  3200 | D:3      | Reached XP level 5. HP: 31/35 MP: 0/11
  3200 | D:3      | Gained mutation: You sometimes gain a little power by
                  | taking damage. [demonic ancestry]
  3200 | D:3      | Reached XP level 6. HP: 36/41 MP: 0/12
  3323 | D:3      | Killed Terence
  4465 | D:4      | Noticed Pikel
  4843 | D:4      | Killed Pikel
  4844 | D:4      | Reached skill level 1 in Armour
  4844 | D:4      | Reached skill level 5 in Spellcasting
  4844 | D:4      | Reached skill level 5 in Fire Magic
  4844 | D:4      | Gained mutation: You sometimes gain power by taking damage.
                  | [demonic ancestry]
  4844 | D:4      | Reached XP level 7. HP: 31/46 MP: 0/15
  5338 | D:5      | Entered Level 5 of the Dungeon
  5368 | D:5      | Found a runed translucent door.
  5369 | D:5      | Noticed Crazy Yiuf
  5451 | D:5      | Gained mutation: Your touch may inflict irresistible damage
                  | on your foes. [demonic ancestry]
  5451 | D:5      | Reached XP level 8. HP: 45/52 MP: 2/16
  5493 | D:5      | Noticed Blork the orc
  5501 | D:5      | Reached skill level 6 in Spellcasting
  5532 | D:5      | Killed Blork the orc
  5723 | D:5      | Found a staircase to the Ecumenical Temple.
  5761 | D:5      | Found a sand-covered staircase.
  5767 | Ossuary  | Entered an ossuary
  6402 | Ossuary  | Reached skill level 7 in Spellcasting
  6752 | D:5      | Noticed Edmund
  6760 | D:5      | Killed Edmund
  7174 | D:5      | Reached XP level 9. HP: 58/58 MP: 13/20
  7451 | D:5      | Learned a level 4 spell: Flame Wave
  7459 | D:5      | Gained mutation: You occasionally lose the ability to drink
                  | potions when taking damage. [potion of mutation]
  7459 | D:5      | Gained mutation: You are dopey. (Int -2) [potion of
                  | mutation]
  7459 | D:5      | Gained mutation: You expend magic power (3 MP) to
                  | strengthen your wands. [potion of mutation]
  7459 | D:5      | Gained mutation: You possess an exceptional clarity of
                  | mind. [potion of mutation]
  7461 | D:5      | Engulfed by a cloud of flame

Illustrated notes

Levels and vault maps discovered:
D:1:      psy_arrival_basics, layout_loops_corners
D:2:      layout_loops_cross
D:3:      layout_loops_ring, hellmonk_ecumenical_altar_heavens_door,
          patterned_corridor, uniq_terence, uniq_grinder, uniq_ijyb
D:4:      layout_loops_ring, st_stairs_13, serial_library_hellmonk_small_alcove,
          uniq_pikel
D:5:      layout_basic, minmay_temple_entry_enclosed_plants,
          nicolae_ossuary_entry_giza, minmay_misc_feat_ornament,
          uniq_crazy_yiuf_cottage, uniq_blork_the_orc, uniq_edmund

Skill      XL: |  1  2  3  4  5  6  7  8 |
---------------+-------------------------+-----
Fire Magic     | 3 5 6 |  6.2
Stealth        | 2 3 |  3.1
Dodging        | 2 |  2.6
Spellcasting   | 3 4 5 7 |  7.5
Unarmed Combat | 1 |  1.7
Armour         | 1 2 |  2.0
Conjurations   | 2 3 |  3.3
Fighting       | |  0.4
Maces & Flails | |  0.6
Staves         | |  0.4

Action                     |  1- 3 |  4- 6 |  7- 9 || total
---------------------------+-------+-------+-------++-------
  Melee: Unarmed           |    30 |    10 |       ||    40
         Touch             |     5 |     3 |     7 ||    15
         Staff             |       |       |    11 ||    11
         Whip              |       |       |     7 ||     7
         Punch             |       |       |     2 ||     2
   Cast: Foxfire           |    56 |    22 |    94 ||   172
         Scorch            |    13 |    38 |    44 ||    95
         Flame Wave        |       |       |     1 ||     1
    Use: Scroll            |       |       |     2 ||     2
         Potion            |       |       |     3 ||     3
   Stab: Sleeping          |       |       |     1 ||     1
 Armour: Robe              |    27 |     3 |    30 ||    60
         Leather armour    |       |     9 |       ||     9
  Dodge: Dodged            |    22 |    15 |    14 ||    51

Table legend: (Time is in decaauts)
 A = Elapsed time spent in this place.
 B = Non-inter-level travel time spent in this place.
 C = Inter-level travel time spent in this place.
 D = Time resting spent in this place.
 E = Time spent auto-exploring this place.
 F = Levels seen in this place.
 G = Mean time per level.
                   A        B        C        D        E       F      G
               +--------+--------+--------+--------+--------+-----+--------+
         Total |   7460 |   7112 |    348 |    699 |   5512 |   6 | 1243.3 |
       Dungeon |   6700 |   6352 |    348 |    699 |   4868 |   5 | 1340.0 |
       Ossuary |    760 |    760 |      0 |      0 |    644 |   1 |  760.0 |
               +--------+--------+--------+--------+--------+-----+--------+

Top non-repeatable levels by time:
     D:4: 1838 daAuts
     D:3: 1396 daAuts
     D:5: 1364 daAuts
     D:1: 1274 daAuts
     D:2: 826 daAuts
 Ossuary: 760 daAuts
